St.Louis Blues vs Tampa Bay Lightning
(R1)
Created - Monday, December 18, 2023 at 07:43
Goals
|
| St.Louis Blues |
0 |
1 |
0 |
1 |
| Tampa Bay Lightning |
1 |
1 |
1 |
3 |
|
Shots
|
| St.Louis Blues |
10 |
9 |
10 |
29 |
| Tampa Bay Lightning |
11 |
10 |
14 |
35 |
|
1st period
1. Tampa Bay Lightning , Ivan Barbashev 9 (Kirill Kaprizov 43, Tomas Hertl 31) at 16:21
Penalties :
Jake Guentzel (STL) for Interference (Minor) at 3:19, Jake Guentzel (STL) for Hooking (Minor) at 7:45, Tage Thompson (STL) for Hooking (Minor) at 12:46, Ryan Graves (TBL) for Goalie Interference (Minor) at 19:52
2nd period
2. St.Louis Blues , Evander Kane 10 (Yanni Gourde 12) at 11:47
3. Tampa Bay Lightning , Johnny Gaudreau 37 (Anze Kopitar 43, Tyler Toffoli 27) at 17:45
Penalties :
Dylan Cozens (TBL) for Hooking (Minor) at 13:39, Robert Thomas (STL) for Hooking (Minor) at 18:30
3rd period
4. Tampa Bay Lightning , Anze Kopitar 18 (Johnny Gaudreau 41, Michael Matheson 14) at 18:26
Penalties :
Adam Pelech (STL) for High sticking (Minor) at 10:56, Alex Pietrangelo (STL) for Hooking (Minor) at 18:29
Goalie Stats
Connor Hellebuyck (STL), 32 saves from 35 shots - (0.914), L, 34-22-5, 60:00 minutes
Filip Gustavsson (TBL), 28 saves from 29 shots - (0.966), W, 41-17-6, 60:00 minutes
Players Stats for St.Louis Blues
Player Name G A P +/- PIM S H SB GA TA FO MP PP MP PK MP
------------------------------------------------------------------------------------
Adam Pelech 0 0 0 -1 2 0 2 2 0 1 0/0 20:22 0:00 4:52
Alex Pietrangelo 0 0 0 0 2 3 0 3 0 1 0/0 16:59 2:18 0:01
Alex Tuch 0 0 0 -1 0 2 1 1 0 0 0/0 13:17 1:48 0:00
Andrew Copp 0 0 0 0 0 0 0 1 0 0 3/3 13:06 0:07 5:12
Colton Parayko 0 0 0 -1 0 2 3 0 0 0 0/0 20:06 0:00 5:41
Elias Pettersson 0 0 0 -1 0 1 1 0 2 0 1/6 16:30 2:03 0:24
Evander Kane 1 0 1 0 0 3 0 0 0 0 0/0 12:52 1:48 0:00
Jack Eichel 0 0 0 -1 0 5 0 1 0 0 13/24 15:39 1:40 0:00
Jake Guentzel 0 0 0 -1 4 2 2 0 1 0 0/1 14:15 2:03 0:08
Jake Sanderson 0 0 0 -1 0 0 0 1 0 2 0/0 22:32 2:18 5:43
Lawson Crouse 0 0 0 0 0 3 6 0 0 1 0/0 17:03 0:07 5:12
Mikhail Sergachev 0 0 0 0 0 1 0 0 0 0 0/0 17:04 1:40 0:49
Nick Leddy 0 0 0 -1 0 0 0 0 0 0 0/0 21:01 0:00 5:43
Nico Sturm 0 0 0 0 0 3 0 0 0 0 6/12 13:30 0:07 5:49
Robert Thomas 0 0 0 -1 2 1 1 1 0 0 3/10 13:51 1:48 0:01
Sean Kuraly 0 0 0 0 0 1 2 0 0 0 0/0 7:23 0:00 0:16
Tage Thompson 0 0 0 -1 2 0 1 0 0 0 0/0 15:52 2:03 0:00
Yanni Gourde 0 1 1 0 0 2 1 1 0 1 7/14 17:07 0:00 5:49
Players Stats for Tampa Bay Lightning
Player Name G A P +/- PIM S H SB GA TA FO MP PP MP PK MP
------------------------------------------------------------------------------------
Alexander Kerfoot 0 0 0 0 0 1 1 0 0 0 0/0 8:57 0:00 1:54
Anze Kopitar 1 1 2 2 0 5 0 1 1 0 15/22 15:31 0:04 1:57
Darnell Nurse 0 0 0 1 0 2 1 3 1 0 0/0 25:13 6:08 1:55
Dylan Cozens 0 0 0 0 2 0 1 0 1 0 10/21 17:42 5:26 0:00
Gustav Nyquist 0 0 0 0 0 1 0 1 0 0 0/0 9:03 0:00 2:01
Hampus Lindholm 0 0 0 1 0 1 1 2 0 0 0/0 23:52 6:08 1:02
Ivan Barbashev 1 0 1 0 0 1 1 0 0 0 0/0 11:37 0:00 0:00
Jason Dickinson 0 0 0 0 0 3 0 0 1 0 1/3 7:02 0:00 0:00
Johnny Gaudreau 1 1 2 2 0 6 0 1 1 0 0/0 19:05 5:30 0:00
Kirill Kaprizov 0 1 1 0 0 2 1 1 0 1 0/2 17:44 5:55 0:00
Michael Matheson 0 1 1 1 0 4 0 1 0 1 0/0 16:19 5:17 0:00
Moritz Seider 0 0 0 0 0 0 2 1 0 1 0/0 24:15 5:17 2:03
Roope Hintz 0 0 0 0 0 2 0 1 0 0 3/6 18:03 5:55 0:00
Ryan Graves 0 0 0 1 2 1 1 0 0 0 0/0 11:45 0:00 1:01
Tomas Hertl 0 1 1 0 0 2 3 0 1 0 7/14 13:49 0:04 2:01
Travis Konecny 0 0 0 0 0 2 3 0 0 0 1/2 18:20 5:55 0:03
Tyler Toffoli 0 1 1 2 0 1 1 1 0 0 0/0 18:54 5:26 0:00
Vladislav Gavrikov 0 0 0 0 0 1 0 0 0 0 0/0 18:48 0:00 1:55
3 Stars
1 - Anze Kopitar (TBL)
2 - Johnny Gaudreau (TBL)
3 - Filip Gustavsson (TBL)
Power Play
St.Louis Blues - 0 on 3 Attempt(s) - 0.00%
Tampa Bay Lightning - 0 on 5 Attempt(s) - 0.00%
Penalty Kill
St.Louis Blues - 5 on 5 Attempt(s) - 100.00%
- Score 0 goal in Penalty Kill
Tampa Bay Lightning - 3 on 3 Attempt(s) - 100.00%
- Score 0 goal in Penalty Kill
Team Stat
St.Louis Blues - Hits : 20 - Faceoff Wins : 33 - Blocked Shots : 11 - Penalty Minutes : 12
Tampa Bay Lightning - Hits : 16 - Faceoff Wins : 37 - Blocked Shots : 13 - Penalty Minutes : 4
Official
Referees : Tom Kowal and Dave Lewis
Linesman : Brad Lazarowich and David Brisebois
Game Notes
15:40 of 2nd period - Penalty Shot by Alexander Kerfoot for Tampa Bay Lightning - Stopped by Connor Hellebuyck
Finance
Level 1 -- Attendance: 6000 (100.00%) -- Ticket Income $570,000
Level 2 -- Attendance: 4586 (91.72%) -- Ticket Income $252,230
Level 3 -- Attendance: 3000 (100.00%) -- Ticket Income $96,000
Level 4 -- Attendance: 4480 (89.60%) -- Ticket Income $98,560
Luxury Box -- Attendance: 1000 (100.00%) -- Ticket Income $193,000
Game was played at the Tampa Bay Times Forum.
Total Attendance: 19066 (95.33%)
Total Ticket Income: $1,209,790
Other Income: $423,426
Total Income: $1,633,216
St.Louis Blues
5 vs 5 Forward
Center Left Wing Right Wing Time % Phy DF OF
1 Jack Eichel Elias Pettersson Tage Thompson 35 0 2 3
2 Robert Thomas Alex Tuch Jake Guentzel 30 0 2 3
3 Yanni Gourde Lawson Crouse Evander Kane 25 1 2 2
4 Nico Sturm Andrew Copp Sean Kuraly 10 1 3 1
5 vs 5 Defense
Defense Defense Time % Phy DF OF
1 Mikhail Sergachev Alex Pietrangelo 35 1 2 2
2 Jake Sanderson Colton Parayko 33 1 2 2
3 Nick Leddy Adam Pelech 32 1 2 2
4 Jake Sanderson Alex Pietrangelo 0 1 2 2
PowerPlay Forward
Center Left Wing Right Wing Time % Phy DF OF
1 Elias Pettersson Jake Guentzel Tage Thompson 50 0 1 4
2 Robert Thomas Alex Tuch Evander Kane 50 0 1 4
PowerPlay Defense
Defense Defense Time % Phy DF OF
1 Jack Eichel Mikhail Sergachev 50 1 1 3
2 Alex Pietrangelo Jake Sanderson 50 1 1 3
Penalty Kill 4 Players Forward
Center Wing Time % Phy DF OF
1 Nico Sturm Yanni Gourde 50 1 4 0
2 Andrew Copp Lawson Crouse 50 1 4 0
Penalty Kill 4 Players Defense
Defense Defense Time % Phy DF OF
1 Adam Pelech Colton Parayko 50 1 4 0
2 Jake Sanderson Nick Leddy 50 1 4 0
Penalty Kill - 3 Players Forward
Forward Time % Phy DF OF
1 Nico Sturm 50 0 5 0
2 Andrew Copp 50 0 5 0
Penalty Kill - 3 Players Defense
Defense Defense Time % Phy DF OF
1 Adam Pelech Colton Parayko 50 0 5 0
2 Jake Sanderson Nick Leddy 50 0 5 0
4 vs 4 Forward
Center Wing Time % Phy DF OF
1 Elias Pettersson Tage Thompson 50 0 2 3
2 Robert Thomas Alex Tuch 50 0 2 3
4 vs 4 Defense
Defense Defense Time % Phy DF OF
1 Jake Sanderson Alex Pietrangelo 50 0 3 2
2 Colton Parayko Mikhail Sergachev 50 0 3 2
Last Minutes Offensive
Center Left Wing Right Wing Defense Defense
Robert Thomas Elias Pettersson Tage Thompson Mikhail Sergachev Jake Guentzel
Last Minutes Defensive
Center Left Wing Right Wing Defense Defense
Nico Sturm Andrew Copp Yanni Gourde Jake Sanderson Colton Parayko
Goaltenders
Starting : Connor Hellebuyck
Backup : Scott Wedgewood
Extra Forwards
Normal : Nico Sturm, Robert Thomas, Lawson Crouse - PP : Nico Sturm, Robert Thomas - PK : Lawson Crouse
Extra Defensemen
Normal : Nick Leddy, Jake Sanderson, Colton Parayko - PP : Nick Leddy - PK : Jake Sanderson, Colton Parayko
Penalty Shots
Elias Pettersson, Tage Thompson, Alex Tuch, Jack Eichel, Jake Guentzel
Tampa Bay Lightning
5 vs 5 Forward
Center Left Wing Right Wing Time % Phy DF OF
1 Tomas Hertl Kirill Kaprizov Ivan Barbashev 30 1 2 2
2 Dylan Cozens Roope Hintz Travis Konecny 30 1 1 3
3 Anze Kopitar Johnny Gaudreau Tyler Toffoli 30 1 1 3
4 Jason Dickinson Alexander Kerfoot Gustav Nyquist 10 1 2 2
5 vs 5 Defense
Defense Defense Time % Phy DF OF
1 Darnell Nurse Hampus Lindholm 40 1 2 2
2 Moritz Seider Vladislav Gavrikov 35 1 2 2
3 Michael Matheson Ryan Graves 25 0 3 2
4 Darnell Nurse Moritz Seider 0 1 2 2
PowerPlay Forward
Center Left Wing Right Wing Time % Phy DF OF
1 Roope Hintz Kirill Kaprizov Travis Konecny 50 1 2 2
2 Dylan Cozens Johnny Gaudreau Tyler Toffoli 50 1 2 2
PowerPlay Defense
Defense Defense Time % Phy DF OF
1 Michael Matheson Moritz Seider 50 1 2 2
2 Hampus Lindholm Darnell Nurse 50 1 2 2
Penalty Kill 4 Players Forward
Center Wing Time % Phy DF OF
1 Anze Kopitar Alexander Kerfoot 50 1 2 2
2 Tomas Hertl Gustav Nyquist 50 1 2 2
Penalty Kill 4 Players Defense
Defense Defense Time % Phy DF OF
1 Darnell Nurse Vladislav Gavrikov 50 1 2 2
2 Moritz Seider Ryan Graves 50 1 2 2
Penalty Kill - 3 Players Forward
Forward Time % Phy DF OF
1 Anze Kopitar 50 1 2 2
2 Tomas Hertl 50 1 2 2
Penalty Kill - 3 Players Defense
Defense Defense Time % Phy DF OF
1 Darnell Nurse Vladislav Gavrikov 50 1 2 2
2 Moritz Seider Ryan Graves 50 1 2 2
4 vs 4 Forward
Center Wing Time % Phy DF OF
1 Tomas Hertl Kirill Kaprizov 50 1 2 2
2 Anze Kopitar Travis Konecny 50 1 2 2
4 vs 4 Defense
Defense Defense Time % Phy DF OF
1 Michael Matheson Vladislav Gavrikov 50 1 2 2
2 Hampus Lindholm Ryan Graves 50 1 2 2
Last Minutes Offensive
Center Left Wing Right Wing Defense Defense
Anze Kopitar Kirill Kaprizov Travis Konecny Darnell Nurse Moritz Seider
Last Minutes Defensive
Center Left Wing Right Wing Defense Defense
Anze Kopitar Alexander Kerfoot Ivan Barbashev Darnell Nurse Moritz Seider
Goaltenders
Starting : Filip Gustavsson
Backup : Darcy Kuemper
Extra Forwards
Normal : Tomas Hertl, Anze Kopitar, Dylan Cozens - PP : Tomas Hertl, Anze Kopitar - PK : Travis Konecny
Extra Defensemen
Normal : Vladislav Gavrikov, Ryan Graves, Hampus Lindholm - PP : Vladislav Gavrikov - PK : Ryan Graves, Hampus Lindholm
Penalty Shots
Gustav Nyquist, Kirill Kaprizov, Alexander Kerfoot, Anze Kopitar, Roope Hintz
% Time on Ice - St.Louis Blues
Lines # - Real PCT - Wanted PCT - Time Play
Normal Forward
1 - 31% - 35% - 14:00
2 - 28% - 30% - 12:26
3 - 25% - 25% - 11:04
4 - 16% - 10% - 7:07
Normal Defense
1 - 35% - 35% - 15:27
2 - 33% - 33% - 14:31
3 - 33% - 32% - 14:39
4 - 0% - 0% - 0:00
PP Forward
1 - 52% - 50% - 2:03
2 - 48% - 50% - 1:55
PP Defense
1 - 42% - 50% - 1:40
2 - 58% - 50% - 2:18
PK Forward
1 - 51% - 50% - 5:49
2 - 49% - 50% - 5:36
PK Defense
1 - 50% - 50% - 5:42
2 - 50% - 50% - 5:43
PK3 Forward
1 - 0% - 50%
2 - 0% - 50%
PK3 Defense
1 - 0% - 50%
2 - 0% - 50%
44 Forward
1 - 0% - 50%
2 - 0% - 50%
44 Defense
1 - 0% - 50%
2 - 0% - 50%
Last Minute Offensive - 0:00
Last Minute Defensive - 0:00
Total
Forward - 60:00
Defense - 60:00
|
% Time on Ice - Tampa Bay Lightning
Lines # - Real PCT - Wanted PCT - Time Play
Normal Forward
1 - 27% - 30% - 12:04
2 - 28% - 30% - 12:23
3 - 29% - 30% - 13:08
4 - 16% - 10% - 7:02
Normal Defense
1 - 39% - 40% - 17:22
2 - 38% - 35% - 16:44
3 - 24% - 25% - 10:31
4 - 0% - 0% - 0:00
PP Forward
1 - 52% - 50% - 5:55
2 - 48% - 50% - 5:30
PP Defense
1 - 46% - 50% - 5:17
2 - 54% - 50% - 6:08
PK Forward
1 - 49% - 50% - 1:57
2 - 51% - 50% - 2:01
PK Defense
1 - 48% - 50% - 1:55
2 - 52% - 50% - 2:03
PK3 Forward
1 - 0% - 50%
2 - 0% - 50%
PK3 Defense
1 - 0% - 50%
2 - 0% - 50%
44 Forward
1 - 0% - 50%
2 - 0% - 50%
44 Defense
1 - 0% - 50%
2 - 0% - 50%
Last Minute Offensive - 0:00
Last Minute Defensive - 0:00
Total
Forward - 60:00
Defense - 60:00
|
Play-by-Play
1st period
0:01 of 1st period - Tomas Hertl wins face-off versus Jack Eichel in neutral zone.
0:04 of 1st period - Alex Pietrangelo is hit by Ivan Barbashev and loses puck.
0:36 of 1st period - Snap shot by Jack Eichel.
0:36 of 1st period - Stopped by Filip Gustavsson without a rebound.
0:37 of 1st period - Dylan Cozens wins face-off versus Robert Thomas in Tampa Bay Lightning zone.
0:44 of 1st period - Snap shot by Alex Tuch.
0:44 of 1st period - Stopped by Filip Gustavsson with a rebound.
1:28 of 1st period - Icing by Nick Leddy.
1:29 of 1st period - Nico Sturm wins face-off versus Tomas Hertl in St.Louis Blues zone.
1:38 of 1st period - Wrist shot by Nico Sturm.
1:38 of 1st period - Stopped by Filip Gustavsson with a rebound.
1:54 of 1st period - Ryan Graves is hit by Adam Pelech and loses puck.
2:07 of 1st period - Off-side.
2:08 of 1st period - Anze Kopitar wins face-off versus Robert Thomas in neutral zone.
2:46 of 1st period - Wrist shot by Lawson Crouse.
2:46 of 1st period - Shot Misses the Net.
3:02 of 1st period - Snap shot by Jason Dickinson.
3:02 of 1st period - Stopped by Connor Hellebuyck without a rebound.
3:03 of 1st period - Anze Kopitar wins face-off versus Elias Pettersson in St.Louis Blues zone.
3:12 of 1st period - Slapshot by Tyler Toffoli.
3:12 of 1st period - Shot Misses the Net.
3:14 of 1st period - Snap shot by Ryan Graves.
3:14 of 1st period - Stopped by Connor Hellebuyck with a rebound.
3:16 of 1st period - Backhand shot by Michael Matheson.
3:16 of 1st period - Stopped by Connor Hellebuyck without a rebound.
3:17 of 1st period - Robert Thomas wins face-off versus Dylan Cozens in St.Louis Blues zone.
3:19 of 1st period - Minor Penalty to Jake Guentzel for Interference.
3:20 of 1st period - Roope Hintz wins face-off versus Nico Sturm in St.Louis Blues zone.
3:22 of 1st period - Snap shot by Kirill Kaprizov.
3:22 of 1st period - Shot Blocked by Yanni Gourde.
3:24 of 1st period - Backhand shot by Moritz Seider.
3:24 of 1st period - Shot Misses the Net.
3:26 of 1st period - Slapshot by Michael Matheson.
3:26 of 1st period - Deflect By Travis Konecny.
3:26 of 1st period - Shot Misses the Net.
3:26 of 1st period - Puck is out of play.
3:27 of 1st period - Roope Hintz wins face-off versus Nico Sturm in St.Louis Blues zone.
3:59 of 1st period - Snap shot by Johnny Gaudreau.
3:59 of 1st period - Shot Misses the Net.
4:46 of 1st period - Icing by Dylan Cozens.
4:47 of 1st period - Dylan Cozens wins face-off versus Elias Pettersson in Tampa Bay Lightning zone.
5:19 of 1st period - Penalty to Jake Guentzel is over, Jake Guentzel is back on ice.
5:28 of 1st period - Slapshot by Gustav Nyquist.
5:28 of 1st period - Stopped by Connor Hellebuyck without a rebound.
5:29 of 1st period - Jason Dickinson wins face-off versus Jack Eichel in St.Louis Blues zone.
5:38 of 1st period - Snap shot by Jack Eichel.
5:38 of 1st period - Stopped by Filip Gustavsson without a rebound.
5:39 of 1st period - Jack Eichel wins face-off versus Dylan Cozens in Tampa Bay Lightning zone.
5:42 of 1st period - Wrist shot by Jack Eichel.
5:42 of 1st period - Stopped by Filip Gustavsson with a rebound.
5:44 of 1st period - Slapshot by Alex Pietrangelo.
5:44 of 1st period - Deflect By Dylan Cozens.
5:44 of 1st period - Stopped by Filip Gustavsson with a rebound.
5:56 of 1st period - Snap shot by Jack Eichel.
5:56 of 1st period - Stopped by Filip Gustavsson without a rebound.
5:57 of 1st period - Anze Kopitar wins face-off versus Jake Guentzel in Tampa Bay Lightning zone.
5:57 of 1st period - Anze Kopitar is hit by Robert Thomas.
6:37 of 1st period - Wrist shot by Evander Kane.
6:37 of 1st period - Shot Misses the Net.
7:45 of 1st period - Minor Penalty to Jake Guentzel for Hooking.
7:46 of 1st period - Andrew Copp wins face-off versus Dylan Cozens in St.Louis Blues zone.
8:12 of 1st period - Moritz Seider is hit by Lawson Crouse and loses puck.
9:45 of 1st period - Penalty to Jake Guentzel is over, Jake Guentzel is back on ice.
9:47 of 1st period - Jake Sanderson is hit by Moritz Seider and loses puck.
10:36 of 1st period - Icing by Tage Thompson.
10:37 of 1st period - Jack Eichel wins face-off versus Anze Kopitar in St.Louis Blues zone.
10:55 of 1st period - Snap shot by Dylan Cozens.
10:55 of 1st period - Deflect By Roope Hintz.
10:55 of 1st period - Shot Blocked by Alex Pietrangelo.
10:55 of 1st period - Puck is out of play.
10:56 of 1st period - Yanni Gourde wins face-off versus Dylan Cozens in St.Louis Blues zone.
11:02 of 1st period - Off-side.
11:03 of 1st period - Tomas Hertl wins face-off versus Yanni Gourde in neutral zone.
12:43 of 1st period - Snap shot by Jason Dickinson.
12:43 of 1st period - Deflect By Adam Pelech.
12:43 of 1st period - Stopped by Connor Hellebuyck without a rebound.
12:44 of 1st period - Jack Eichel wins face-off versus Dylan Cozens in St.Louis Blues zone.
12:46 of 1st period - Minor Penalty to Tage Thompson for Hooking.
12:47 of 1st period - Nico Sturm wins face-off versus Dylan Cozens in St.Louis Blues zone.
12:47 of 1st period - Nico Sturm is hit by Dylan Cozens.
12:52 of 1st period - Wrist shot by Johnny Gaudreau.
12:52 of 1st period - Stopped by Connor Hellebuyck without a rebound.
12:53 of 1st period - Dylan Cozens wins face-off versus Nico Sturm in St.Louis Blues zone.
12:58 of 1st period - Wrist shot by Tyler Toffoli.
12:58 of 1st period - Stopped by Connor Hellebuyck without a rebound.
12:59 of 1st period - Nico Sturm wins face-off versus Roope Hintz in St.Louis Blues zone.
14:46 of 1st period - Penalty to Tage Thompson is over, Tage Thompson is back on ice.
15:03 of 1st period - Snap shot by Alex Tuch.
15:03 of 1st period - Stopped by Filip Gustavsson without a rebound.
15:04 of 1st period - Jack Eichel wins face-off versus Tomas Hertl in Tampa Bay Lightning zone.
15:15 of 1st period - Snap shot by Elias Pettersson.
15:15 of 1st period - Shot Misses the Net.
15:17 of 1st period - Wrist shot by Jack Eichel.
15:17 of 1st period - Stopped by Filip Gustavsson without a rebound.
15:18 of 1st period - Dylan Cozens wins face-off versus Yanni Gourde in Tampa Bay Lightning zone.
16:00 of 1st period - Off-side.
16:01 of 1st period - Robert Thomas wins face-off versus Tomas Hertl in neutral zone.
16:03 of 1st period - Off-side.
16:04 of 1st period - Tomas Hertl wins face-off versus Robert Thomas in neutral zone.
16:15 of 1st period - Wrist shot by Kirill Kaprizov.
16:15 of 1st period - Shot Misses the Net.
16:17 of 1st period - Snap shot by Kirill Kaprizov.
16:17 of 1st period - Stopped by Connor Hellebuyck with a rebound.
16:19 of 1st period - Slapshot by Kirill Kaprizov.
16:19 of 1st period - Shot Blocked by Robert Thomas.
16:21 of 1st period - Wrist shot by Ivan Barbashev.
16:21 of 1st period - Goal by Ivan Barbashev - St.Louis Blues : 0 - Tampa Bay Lightning : 1.
16:22 of 1st period - Jack Eichel wins face-off versus Anze Kopitar in neutral zone.
16:31 of 1st period - Slapshot by Tyler Toffoli.
16:31 of 1st period - Shot Misses the Net.
16:56 of 1st period - Wrist shot by Anze Kopitar.
16:56 of 1st period - Deflect By Johnny Gaudreau.
16:56 of 1st period - Shot Misses the Net.
16:56 of 1st period - Puck is out of play.
16:57 of 1st period - Dylan Cozens wins face-off versus Yanni Gourde in St.Louis Blues zone.
17:14 of 1st period - Wrist shot by Travis Konecny.
17:14 of 1st period - Stopped by Connor Hellebuyck with a rebound.
17:40 of 1st period - Vladislav Gavrikov is hit by Tage Thompson.
17:44 of 1st period - Slapshot by Gustav Nyquist.
17:44 of 1st period - Shot Misses the Net.
17:50 of 1st period - Gustav Nyquist is hit by Jake Guentzel and loses puck.
18:18 of 1st period - Icing by Jake Sanderson.
18:19 of 1st period - Yanni Gourde wins face-off versus Travis Konecny in St.Louis Blues zone.
18:24 of 1st period - Wrist shot by Yanni Gourde.
18:24 of 1st period - Stopped by Filip Gustavsson without a rebound.
18:25 of 1st period - Dylan Cozens wins face-off versus Jack Eichel in Tampa Bay Lightning zone.
18:25 of 1st period - Dylan Cozens is hit by Colton Parayko.
19:24 of 1st period - Snap shot by Tyler Toffoli.
19:24 of 1st period - Shot Misses the Net.
19:26 of 1st period - Slapshot by Darnell Nurse.
19:26 of 1st period - Shot Blocked by Alex Pietrangelo.
19:28 of 1st period - Wrist shot by Anze Kopitar.
19:28 of 1st period - Stopped by Connor Hellebuyck without a rebound.
19:29 of 1st period - Jack Eichel wins face-off versus Tomas Hertl in St.Louis Blues zone.
19:52 of 1st period - Minor Penalty to Ryan Graves for Goalie Interference.
19:53 of 1st period - Elias Pettersson wins face-off versus Anze Kopitar in Tampa Bay Lightning zone.
Goals for this period are 0 for St.Louis Blues vs 1 for Tampa Bay Lightning.
Shots for this period are 10 for St.Louis Blues vs 11 for Tampa Bay Lightning.
2nd period
0:01 of 2nd period - Tomas Hertl wins face-off versus Robert Thomas in neutral zone.
0:47 of 2nd period - Wrist shot by Robert Thomas.
0:47 of 2nd period - Shot Misses the Net.
1:01 of 2nd period - Snap shot by Elias Pettersson.
1:01 of 2nd period - Deflect By Jake Guentzel.
1:01 of 2nd period - Stopped by Filip Gustavsson with a rebound.
1:52 of 2nd period - Penalty to Ryan Graves is over, Ryan Graves is back on ice.
1:59 of 2nd period - Snap shot by Andrew Copp.
1:59 of 2nd period - Shot Misses the Net.
2:01 of 2nd period - Slapshot by Mikhail Sergachev.
2:01 of 2nd period - Stopped by Filip Gustavsson with a rebound.
2:17 of 2nd period - Slapshot by Darnell Nurse.
2:17 of 2nd period - Deflect By Tomas Hertl.
2:17 of 2nd period - Stopped by Connor Hellebuyck with a rebound.
2:19 of 2nd period - Snap shot by Kirill Kaprizov.
2:19 of 2nd period - Stopped by Connor Hellebuyck without a rebound.
2:20 of 2nd period - Tomas Hertl wins face-off versus Nico Sturm in St.Louis Blues zone.
2:29 of 2nd period - Wrist shot by Tomas Hertl.
2:29 of 2nd period - Stopped by Connor Hellebuyck with a rebound.
2:31 of 2nd period - Slapshot by Michael Matheson.
2:31 of 2nd period - Shot Blocked by Adam Pelech.
2:52 of 2nd period - Wrist shot by Evander Kane.
2:52 of 2nd period - Stopped by Filip Gustavsson without a rebound.
2:53 of 2nd period - Anze Kopitar wins face-off versus Jack Eichel in Tampa Bay Lightning zone.
2:58 of 2nd period - Colton Parayko is hit by Hampus Lindholm and loses puck.
3:23 of 2nd period - Wrist shot by Alex Tuch.
3:23 of 2nd period - Shot Misses the Net.
4:52 of 2nd period - Snap shot by Roope Hintz.
4:52 of 2nd period - Stopped by Connor Hellebuyck without a rebound.
4:53 of 2nd period - Yanni Gourde wins face-off versus Dylan Cozens in St.Louis Blues zone.
5:51 of 2nd period - Wrist shot by Kirill Kaprizov.
5:51 of 2nd period - Deflect By Tomas Hertl.
5:51 of 2nd period - Shot Misses the Net.
5:51 of 2nd period - Puck is out of play.
5:52 of 2nd period - Anze Kopitar wins face-off versus Jack Eichel in St.Louis Blues zone.
5:55 of 2nd period - Snap shot by Anze Kopitar.
5:55 of 2nd period - Shot Misses the Net.
6:05 of 2nd period - Wrist shot by Tage Thompson.
6:05 of 2nd period - Shot Misses the Net.
6:07 of 2nd period - Wrist shot by Elias Pettersson.
6:07 of 2nd period - Shot Blocked by Johnny Gaudreau.
6:09 of 2nd period - Snap shot by Elias Pettersson.
6:09 of 2nd period - Shot Misses the Net.
7:34 of 2nd period - Wrist shot by Nico Sturm.
7:34 of 2nd period - Shot Misses the Net.
7:54 of 2nd period - Snap shot by Johnny Gaudreau.
7:54 of 2nd period - Stopped by Connor Hellebuyck with a rebound.
7:58 of 2nd period - Snap shot by Johnny Gaudreau.
7:58 of 2nd period - Shot Misses the Net.
8:00 of 2nd period - Wrist shot by Anze Kopitar.
8:00 of 2nd period - Deflect By Johnny Gaudreau.
8:00 of 2nd period - Stopped by Connor Hellebuyck without a rebound.
8:01 of 2nd period - Jack Eichel wins face-off versus Tomas Hertl in St.Louis Blues zone.
8:06 of 2nd period - Tomas Hertl is hit by Adam Pelech and loses puck.
8:40 of 2nd period - Ivan Barbashev is hit by Lawson Crouse and loses puck.
8:52 of 2nd period - Alex Pietrangelo is hit by Tomas Hertl.
9:16 of 2nd period - Evander Kane is hit by Kirill Kaprizov and loses puck.
9:33 of 2nd period - Snap shot by Tomas Hertl.
9:33 of 2nd period - Shot Misses the Net.
9:35 of 2nd period - Wrist shot by Michael Matheson.
9:35 of 2nd period - Stopped by Connor Hellebuyck with a rebound.
9:37 of 2nd period - Slapshot by Ryan Graves.
9:37 of 2nd period - Shot Misses the Net.
9:39 of 2nd period - Slapshot by Michael Matheson.
9:39 of 2nd period - Stopped by Connor Hellebuyck without a rebound.
9:40 of 2nd period - Jack Eichel wins face-off versus Anze Kopitar in St.Louis Blues zone.
9:50 of 2nd period - Icing by Colton Parayko.
9:51 of 2nd period - Anze Kopitar wins face-off versus Elias Pettersson in St.Louis Blues zone.
10:12 of 2nd period - Snap shot by Elias Pettersson.
10:12 of 2nd period - Shot Blocked by Anze Kopitar.
10:14 of 2nd period - Slapshot by Elias Pettersson.
10:14 of 2nd period - Shot Misses the Net.
10:16 of 2nd period - Slapshot by Colton Parayko.
10:16 of 2nd period - Stopped by Filip Gustavsson without a rebound.
10:17 of 2nd period - Robert Thomas wins face-off versus Dylan Cozens in Tampa Bay Lightning zone.
10:26 of 2nd period - Snap shot by Jake Guentzel.
10:26 of 2nd period - Shot Blocked by Hampus Lindholm.
10:44 of 2nd period - Alexander Kerfoot is hit by Sean Kuraly.
10:48 of 2nd period - Wrist shot by Andrew Copp.
10:48 of 2nd period - Shot Blocked by Darnell Nurse.
10:50 of 2nd period - Snap shot by Sean Kuraly.
10:50 of 2nd period - Shot Misses the Net.
10:52 of 2nd period - Snap shot by Alex Pietrangelo.
10:52 of 2nd period - Stopped by Filip Gustavsson with a rebound.
10:54 of 2nd period - Snap shot by Nico Sturm.
10:54 of 2nd period - Stopped by Filip Gustavsson with a rebound.
10:56 of 2nd period - Slapshot by Sean Kuraly.
10:56 of 2nd period - Stopped by Filip Gustavsson without a rebound.
10:57 of 2nd period - Dylan Cozens wins face-off versus Jack Eichel in Tampa Bay Lightning zone.
11:12 of 2nd period - Wrist shot by Roope Hintz.
11:12 of 2nd period - Shot Blocked by Alex Pietrangelo.
11:38 of 2nd period - Wrist shot by Robert Thomas.
11:38 of 2nd period - Shot Blocked by Moritz Seider.
11:45 of 2nd period - Icing by Tyler Toffoli.
11:46 of 2nd period - Yanni Gourde wins face-off versus Kirill Kaprizov in Tampa Bay Lightning zone.
11:47 of 2nd period - Slapshot by Evander Kane.
11:47 of 2nd period - Goal by Evander Kane - St.Louis Blues : 1 - Tampa Bay Lightning : 1.
11:48 of 2nd period - Travis Konecny wins face-off versus Jack Eichel in neutral zone.
11:53 of 2nd period - Slapshot by Tage Thompson.
11:53 of 2nd period - Shot Misses the Net.
12:01 of 2nd period - Snap shot by Tage Thompson.
12:01 of 2nd period - Shot Misses the Net.
12:03 of 2nd period - Slapshot by Jack Eichel.
12:03 of 2nd period - Shot Blocked by Roope Hintz.
12:05 of 2nd period - Wrist shot by Jack Eichel.
12:05 of 2nd period - Shot Misses the Net.
12:30 of 2nd period - Darnell Nurse is hit by Alex Tuch.
13:26 of 2nd period - Wrist shot by Tage Thompson.
13:26 of 2nd period - Deflect By Jason Dickinson.
13:26 of 2nd period - Shot Blocked by Michael Matheson.
13:26 of 2nd period - Puck is out of play.
13:27 of 2nd period - Roope Hintz wins face-off versus Jack Eichel in Tampa Bay Lightning zone.
13:39 of 2nd period - Minor Penalty to Dylan Cozens for Hooking.
13:40 of 2nd period - Tomas Hertl wins face-off versus Elias Pettersson in Tampa Bay Lightning zone.
13:57 of 2nd period - Snap shot by Tomas Hertl.
13:57 of 2nd period - Deflect By Gustav Nyquist.
13:57 of 2nd period - Shot Blocked by Jack Eichel.
13:57 of 2nd period - Puck is out of play.
13:58 of 2nd period - Anze Kopitar wins face-off versus Robert Thomas in St.Louis Blues zone.
14:25 of 2nd period - Elias Pettersson is hit by Tomas Hertl and loses puck.
14:46 of 2nd period - Jack Eichel is hit by Alexander Kerfoot and loses puck.
15:39 of 2nd period - Penalty to Dylan Cozens is over, Dylan Cozens is back on ice.
15:40 of 2nd period - Penalty Shot by Alexander Kerfoot for Tampa Bay Lightning.
15:40 of 2nd period - Backhand shot by Alexander Kerfoot.
15:40 of 2nd period - Stopped by Connor Hellebuyck.
15:41 of 2nd period - Dylan Cozens wins face-off versus Nico Sturm in Tampa Bay Lightning zone.
15:46 of 2nd period - Slapshot by Hampus Lindholm.
15:46 of 2nd period - Deflect By Andrew Copp.
15:46 of 2nd period - Stopped by Connor Hellebuyck without a rebound.
15:47 of 2nd period - Dylan Cozens wins face-off versus Nico Sturm in St.Louis Blues zone.
16:16 of 2nd period - Snap shot by Elias Pettersson.
16:16 of 2nd period - Shot Blocked by Darnell Nurse.
17:33 of 2nd period - Slapshot by Nico Sturm.
17:33 of 2nd period - Deflect By Andrew Copp.
17:33 of 2nd period - Shot Blocked by Gustav Nyquist.
17:33 of 2nd period - Puck is out of play.
17:34 of 2nd period - Anze Kopitar wins face-off versus Jack Eichel in Tampa Bay Lightning zone.
17:45 of 2nd period - Wrist shot by Johnny Gaudreau.
17:45 of 2nd period - Goal by Johnny Gaudreau - St.Louis Blues : 1 - Tampa Bay Lightning : 2.
17:46 of 2nd period - Jack Eichel wins face-off versus Anze Kopitar in neutral zone.
18:30 of 2nd period - Minor Penalty to Robert Thomas for Hooking.
18:31 of 2nd period - Yanni Gourde wins face-off versus Roope Hintz in St.Louis Blues zone.
19:04 of 2nd period - Snap shot by Colton Parayko.
19:04 of 2nd period - Shot Blocked by Tyler Toffoli.
19:21 of 2nd period - Off-side.
19:22 of 2nd period - Nico Sturm wins face-off versus Dylan Cozens in neutral zone.
19:25 of 2nd period - Snap shot by Jake Sanderson.
19:25 of 2nd period - Deflect By Yanni Gourde.
19:25 of 2nd period - Stopped by Filip Gustavsson with a rebound.
19:41 of 2nd period - Kirill Kaprizov is hit by Lawson Crouse and loses puck.
19:52 of 2nd period - Jake Sanderson is hit by Travis Konecny.
Goals for this period are 1 for St.Louis Blues vs 1 for Tampa Bay Lightning.
Shots for this period are 9 for St.Louis Blues vs 10 for Tampa Bay Lightning.
3rd period
0:01 of 3rd period - Nico Sturm wins face-off versus Dylan Cozens in neutral zone.
0:30 of 3rd period - Penalty to Robert Thomas is over, Robert Thomas is back on ice.
0:31 of 3rd period - Robert Thomas is hit by Travis Konecny.
0:46 of 3rd period - Off-side.
0:47 of 3rd period - Jack Eichel wins face-off versus Jason Dickinson in neutral zone.
1:43 of 3rd period - Wrist shot by Evander Kane.
1:43 of 3rd period - Deflect By Lawson Crouse.
1:43 of 3rd period - Stopped by Filip Gustavsson with a rebound.
1:55 of 3rd period - Nick Leddy is hit by Travis Konecny and loses puck.
2:02 of 3rd period - Slapshot by Adam Pelech.
2:02 of 3rd period - Deflect By Nico Sturm.
2:02 of 3rd period - Shot Misses the Net.
2:02 of 3rd period - Puck is out of play.
2:03 of 3rd period - Jack Eichel wins face-off versus Anze Kopitar in Tampa Bay Lightning zone.
2:14 of 3rd period - Slapshot by Michael Matheson.
2:14 of 3rd period - Stopped by Connor Hellebuyck with a rebound.
3:56 of 3rd period - Snap shot by Roope Hintz.
3:56 of 3rd period - Deflect By Travis Konecny.
3:56 of 3rd period - Stopped by Connor Hellebuyck without a rebound.
3:57 of 3rd period - Dylan Cozens wins face-off versus Robert Thomas in St.Louis Blues zone.
4:10 of 3rd period - Wrist shot by Roope Hintz.
4:10 of 3rd period - Stopped by Connor Hellebuyck with a rebound.
4:35 of 3rd period - Wrist shot by Colton Parayko.
4:35 of 3rd period - Shot Misses the Net.
4:37 of 3rd period - Snap shot by Robert Thomas.
4:37 of 3rd period - Stopped by Filip Gustavsson without a rebound.
4:38 of 3rd period - Anze Kopitar wins face-off versus Jack Eichel in Tampa Bay Lightning zone.
5:05 of 3rd period - Ryan Graves is hit by Lawson Crouse and loses puck.
5:12 of 3rd period - Slapshot by Yanni Gourde.
5:12 of 3rd period - Shot Misses the Net.
6:17 of 3rd period - Slapshot by Tyler Toffoli.
6:17 of 3rd period - Shot Blocked by Adam Pelech.
6:35 of 3rd period - Lawson Crouse is hit by Tomas Hertl and loses puck.
7:19 of 3rd period - Wrist shot by Roope Hintz.
7:19 of 3rd period - Shot Misses the Net.
7:21 of 3rd period - Slapshot by Darnell Nurse.
7:21 of 3rd period - Stopped by Connor Hellebuyck without a rebound.
7:22 of 3rd period - Anze Kopitar wins face-off versus Jack Eichel in St.Louis Blues zone.
7:29 of 3rd period - Slapshot by Johnny Gaudreau.
7:29 of 3rd period - Shot Blocked by Jake Sanderson.
7:31 of 3rd period - Snap shot by Johnny Gaudreau.
7:31 of 3rd period - Stopped by Connor Hellebuyck without a rebound.
7:32 of 3rd period - Anze Kopitar wins face-off versus Elias Pettersson in St.Louis Blues zone.
7:37 of 3rd period - Snap shot by Johnny Gaudreau.
7:37 of 3rd period - Deflect By Anze Kopitar.
7:37 of 3rd period - Stopped by Connor Hellebuyck with a rebound.
8:16 of 3rd period - Slapshot by Johnny Gaudreau.
8:16 of 3rd period - Deflect By Anze Kopitar.
8:16 of 3rd period - Shot Misses the Net.
8:16 of 3rd period - Puck is out of play.
8:17 of 3rd period - Tomas Hertl wins face-off versus Robert Thomas in St.Louis Blues zone.
8:22 of 3rd period - Snap shot by Kirill Kaprizov.
8:22 of 3rd period - Shot Blocked by Alex Tuch.
8:32 of 3rd period - Snap shot by Kirill Kaprizov.
8:32 of 3rd period - Shot Misses the Net.
8:44 of 3rd period - Roope Hintz is hit by Sean Kuraly and loses puck.
8:55 of 3rd period - Wrist shot by Hampus Lindholm.
8:55 of 3rd period - Shot Blocked by Andrew Copp.
8:57 of 3rd period - Snap shot by Darnell Nurse.
8:57 of 3rd period - Stopped by Connor Hellebuyck without a rebound.
8:58 of 3rd period - Anze Kopitar wins face-off versus Yanni Gourde in St.Louis Blues zone.
8:59 of 3rd period - Slapshot by Johnny Gaudreau.
8:59 of 3rd period - Shot Misses the Net.
9:01 of 3rd period - Wrist shot by Johnny Gaudreau.
9:01 of 3rd period - Deflect By Anze Kopitar.
9:01 of 3rd period - Shot Misses the Net.
9:01 of 3rd period - Puck is out of play.
9:02 of 3rd period - Anze Kopitar wins face-off versus Yanni Gourde in St.Louis Blues zone.
9:07 of 3rd period - Snap shot by Anze Kopitar.
9:07 of 3rd period - Stopped by Connor Hellebuyck with a rebound.
9:09 of 3rd period - Slapshot by Vladislav Gavrikov.
9:09 of 3rd period - Deflect By Mikhail Sergachev.
9:09 of 3rd period - Stopped by Connor Hellebuyck with a rebound.
9:59 of 3rd period - Roope Hintz is hit by Jake Guentzel and loses puck.
10:06 of 3rd period - Mikhail Sergachev is hit by Darnell Nurse and loses puck.
10:19 of 3rd period - Wrist shot by Alexander Kerfoot.
10:19 of 3rd period - Stopped by Connor Hellebuyck with a rebound.
10:21 of 3rd period - Snap shot by Jason Dickinson.
10:21 of 3rd period - Stopped by Connor Hellebuyck without a rebound.
10:22 of 3rd period - Nico Sturm wins face-off versus Tomas Hertl in St.Louis Blues zone.
10:35 of 3rd period - Slapshot by Nico Sturm.
10:35 of 3rd period - Shot Misses the Net.
10:37 of 3rd period - Snap shot by Colton Parayko.
10:37 of 3rd period - Stopped by Filip Gustavsson with a rebound.
10:56 of 3rd period - Minor Penalty to Adam Pelech for High sticking.
10:57 of 3rd period - Andrew Copp wins face-off versus Kirill Kaprizov in St.Louis Blues zone.
11:28 of 3rd period - Jake Sanderson is hit by Tyler Toffoli and loses puck.
11:51 of 3rd period - Yanni Gourde is hit by Moritz Seider and loses puck.
12:53 of 3rd period - Dylan Cozens is hit by Colton Parayko and loses puck.
12:56 of 3rd period - Penalty to Adam Pelech is over, Adam Pelech is back on ice.
13:06 of 3rd period - Snap shot by Elias Pettersson.
13:06 of 3rd period - Shot Blocked by Hampus Lindholm.
13:08 of 3rd period - Snap shot by Elias Pettersson.
13:08 of 3rd period - Shot Misses the Net.
13:10 of 3rd period - Slapshot by Robert Thomas.
13:10 of 3rd period - Shot Misses the Net.
13:12 of 3rd period - Wrist shot by Jake Guentzel.
13:12 of 3rd period - Stopped by Filip Gustavsson without a rebound.
13:13 of 3rd period - Jack Eichel wins face-off versus Jason Dickinson in Tampa Bay Lightning zone.
13:55 of 3rd period - Snap shot by Lawson Crouse.
13:55 of 3rd period - Stopped by Filip Gustavsson with a rebound.
15:30 of 3rd period - Snap shot by Nico Sturm.
15:30 of 3rd period - Deflect By Hampus Lindholm.
15:30 of 3rd period - Stopped by Filip Gustavsson without a rebound.
15:31 of 3rd period - Anze Kopitar wins face-off versus Yanni Gourde in Tampa Bay Lightning zone.
15:58 of 3rd period - Vladislav Gavrikov is hit by Elias Pettersson and loses puck.
16:05 of 3rd period - Snap shot by Jack Eichel.
16:05 of 3rd period - Deflect By Elias Pettersson.
16:05 of 3rd period - Stopped by Filip Gustavsson with a rebound.
16:07 of 3rd period - Snap shot by Tage Thompson.
16:07 of 3rd period - Shot Blocked by Kirill Kaprizov.
16:28 of 3rd period - Roope Hintz is hit by Colton Parayko.
17:09 of 3rd period - Snap shot by Lawson Crouse.
17:09 of 3rd period - Stopped by Filip Gustavsson without a rebound.
17:10 of 3rd period - Yanni Gourde wins face-off versus Dylan Cozens in Tampa Bay Lightning zone.
17:13 of 3rd period - Slapshot by Lawson Crouse.
17:13 of 3rd period - Shot Misses the Net.
17:15 of 3rd period - Slapshot by Alex Pietrangelo.
17:15 of 3rd period - Stopped by Filip Gustavsson without a rebound.
17:16 of 3rd period - Yanni Gourde wins face-off versus Anze Kopitar in Tampa Bay Lightning zone.
17:19 of 3rd period - Wrist shot by Yanni Gourde.
17:19 of 3rd period - Shot Blocked by Darnell Nurse.
17:23 of 3rd period - Slapshot by Evander Kane.
17:23 of 3rd period - Stopped by Filip Gustavsson without a rebound.
17:24 of 3rd period - Anze Kopitar wins face-off versus Yanni Gourde in Tampa Bay Lightning zone.
17:24 of 3rd period - Anze Kopitar is hit by Lawson Crouse.
17:48 of 3rd period - Anze Kopitar is hit by Yanni Gourde and loses puck.
17:55 of 3rd period - Evander Kane is hit by Ryan Graves and loses puck.
18:22 of 3rd period - Wrist shot by Anze Kopitar.
18:22 of 3rd period - Deflect By Johnny Gaudreau.
18:22 of 3rd period - Stopped by Connor Hellebuyck with a rebound.
18:24 of 3rd period - Snap shot by Anze Kopitar.
18:24 of 3rd period - Stopped by Connor Hellebuyck with a rebound.
18:26 of 3rd period - Wrist shot by Anze Kopitar.
18:26 of 3rd period - Goal by Anze Kopitar - St.Louis Blues : 1 - Tampa Bay Lightning : 3.
18:27 of 3rd period - Jack Eichel wins face-off versus Tomas Hertl in neutral zone.
18:29 of 3rd period - Minor Penalty to Alex Pietrangelo for Hooking.
18:30 of 3rd period - Andrew Copp wins face-off versus Roope Hintz in St.Louis Blues zone.
18:43 of 3rd period - Snap shot by Kirill Kaprizov.
18:43 of 3rd period - Shot Misses the Net.
19:21 of 3rd period - Hampus Lindholm is hit by Lawson Crouse and loses puck.
Goals for this period are 0 for St.Louis Blues vs 1 for Tampa Bay Lightning.
Shots for this period are 10 for St.Louis Blues vs 14 for Tampa Bay Lightning.
Back to the Top